 Dungeon Crawl Stone Soup version 0.17-a0-119-g2b06fc5 (webtiles) character file.

95 Ngotmuk the Covered (level 4, -1/42 HPs)
             Began as a Deep Dwarf Fighter on Mar 21, 2015.
             Slain by a worm (3 damage)
             ... on level 3 of the Dungeon.
             The game lasted 00:06:06 (1575 turns).

Ngotmuk the Covered (Deep Dwarf Fighter)            Turns: 1575, Time: 00:06:07

Health: -1/42      AC:  7    Str: 20    XL:     4   Next: 39%
Magic:  4/4        EV:  7    Int:  9    God:
Gold:   188        SH:  9    Dex: 12    Spells: 0 memorised, 3 levels left

rFire  . . .     SeeInvis .     r - +2 flail (crush)
rCold  . . .     Clarity  .     b - +0 scale mail
rNeg   . . .     SustAb   .     c - +0 shield
rPois  .         Gourm    .     (no helmet)
rElec  .         Spirit   .     (no cloak)
rCorr  .         Warding  .     (no gloves)
rMut   .         Stasis   .     (no boots)
MR     .....                    (no amulet)
Stlth  ..........               (no ring)
                                (no ring)

@: non-regenerating, not resistant to hostile enchantments, extremely unstealthy
A: damage resistance, recharge devices, sense surroundings 1, slow healing 3
a: Device Recharging


You were on level 3 of the Dungeon.
You were not hungry.

You visited 1 branch of the dungeon, and saw 3 of its levels.

You collected 188 gold pieces.

Inventory:

Hand weapons
 r - a +2 flail of crushing (weapon)
Armour
 b - a +0 scale mail (worn)
 c - a +0 shield (worn)
Magical devices
 d - a wand of heal wounds (5)
Scrolls
 k - a scroll of amnesia {unknown}
 l - 2 scrolls of teleportation {unknown}
 m - a scroll of recharging {unknown}
 n - 2 scrolls of identify {unknown}
 o - a scroll of immolation {unknown}
Potions
 a - a potion of poison {unknown}
 e - a potion of might
 g - a potion of curing {unknown}
 j - a potion of restore abilities {unknown}
 q - a potion of heal wounds {unknown}
Comestibles
 f - 2 bread rations
 i - a beef jerky


   Skills:
 + Level 3.3 Fighting
 + Level 3.0 Maces & Flails
 + Level 4.0 Armour
 + Level 4.0 Shields


You had 3 spell levels left.
You didn't know any spells.

Dungeon Overview and Level Annotations

Branches:
Dungeon (3/15)

Altars:
Gozag
Sif Muna
Zin


Innate Abilities, Weirdness & Mutations

You are resistant to damage.
You can recharge devices by infusing magical energy.
You passively map a small area around you.
You do not heal naturally.


Message History

Your Maces & Flails skill increases to level 3!
Your Armour skill increases to level 4!
Your Shields skill increases to level 4!
The goblin hits you but does no damage.
Your shield and scale mail prevent you from hitting the goblin.
You block the goblin's attack.
You thump the goblin!
You kill the goblin!
The worm bites you.
* * * LOW HITPOINT WARNING * * *
The worm bites you!
* * * LOW HITPOINT WARNING * * *
You hit the worm!
The worm is heavily wounded.
The worm completely misses you.
There is an open door here.
You barely miss the worm.
The worm is heavily wounded.
The worm bites you.
You die...

#################
##≈≈..#..(#......# ###
#≈≈≈..'...@w..)..#
###.###≈≈≈.)#...#...)..#
....##≈≈#########..##''#
###.(.≈≈#..........# g.#
..#.#...'...†......#,..#
#.#.#...'...)......#,..#
#.#.#...'...†......# ..#
#.#.##≈≈#..........# ..#
#.#.##≈≈#########..# ..#


You could see a worm.

Vanquished Creatures
  Ijyb (D:3)
  An adder (D:3)
  A gnoll (D:1)
  A giant mite (D:3)
  2 giant geckos
  3 orcs (D:3)
  7 giant cockroaches
  7 hobgoblins
  3 jackals (D:3)
  8 bats
  2 giant newts (D:2)
  12 goblins
  5 kobolds
  6 rats
59 creatures vanquished.

Notes
Turn   | Place    | Note
--------------------------------------------------------------
     0 | D:1      | Ngotmuk, the Deep Dwarf Fighter, began the quest for the Orb.
     0 | D:1      | Reached XP level 1. HP: 20/20 MP: 1/1
    97 | D:1      | Reached XP level 2. HP: 25/27 MP: 2/2
   584 | D:1      | Reached XP level 3. HP: 25/34 MP: 3/3
   799 | D:2      | Found a deep blue altar of Sif Muna.
   936 | D:2      | Found a glowing silver altar of Zin.
   936 | D:2      | Found an opulent altar of Gozag.
  1460 | D:3      | Reached XP level 4. HP: 13/42 MP: 4/4
  1554 | D:3      | Noticed Ijyb
  1563 | D:3      | Killed Ijyb
  1563 | D:3      | Reached skill level 4 in Armour
  1569 | D:3      | HP: 2/42 [worm (7)]
  1575 | D:3      | Slain by a worm

Action                   |  1- 3 |  4- 6 || total
-------------------------+-------+-------++-------
Melee: Flail             |    71 |    29 ||   100
       Morningstar       |   109 |       ||   109
  Use: Scroll            |     1 |       ||     1
  Eat: Beef jerky        |     1 |     1 ||     2
